AoeStats
← cmd

Lombardia

507318059Analyzed
2v2 RM · 15d ago on Sep 17, 2026· 54m 46s· 4 players
Game mode
Random Map
Map size
Medium (4 player)
Population
200
Speed
Normal
Resources
Standard
Victory
Conquest
Starting age
Dark Age
Ending age
Imperial Age
RankedLock teamsTeams togetherTeam positionsShared explorationLock speedFull tech treeHidden civsTurbo modeCheats
Victory
Defeat
🇩🇪 Japanese · Germany
975
+15
🇩🇪 Mongols · Germany
861
+19
🇩🇪 Celts · Germany
937
-17
🇩🇪 Lithuanians · Germany
937
-17
helo
8:23 Loom
10:45 Feudal Age
12:24 Man-at-Arms
14:57 Double-Bit Axe
21:13 Castle Age
20:22 Scale Mail Armor
20:17 Horse Collar
25:58 Wheelbarrow
25:30 Pikeman
26:12 Squires
27:28 Heavy Plow
27:48 Chain Mail Armor
29:21 Gambesons
29:22 Arson
34:31 Imperial Age
31:38 Long Swordsman
35:50 Hand Cart
36:03 Halberdier
39:17 Bow Saw
39:18 Capped Ram
41:17 Plate Mail Armor
40:57 Forging
40:13 Elite Samurai
45:21 Iron Casting
45:59 Two-Man Saw
53:33 Blast Furnace
53:29 Conscription
53:57 Gold Mining
54:36 Town Watch
54:56 Fletching
cmd
8:01 Loom
9:47 Feudal Age
11:30 Double-Bit Axe
15:26 Gold Mining
22:27 Castle Age
22:48 Pikeman
24:52 Horse Collar
27:23 Bloodlines
27:14 Husbandry
29:00 Scale Barding Armor
28:59 Squires
31:38 Heavy Plow
33:29 Bow Saw
33:30 Stone Mining
39:12 Chain Barding Armor
39:04 Forging
41:59 Imperial Age
40:53 Light Cavalry
43:15 Wheelbarrow
43:31 Elite Steppe Lancer
47:16 Iron Casting
47:23 Gold Shaft Mining
47:24 Stone Shaft Mining
48:59 Blast Furnace
51:30 Elite Mangudai
53:27 Hand Cart
ThorsHammer1327
0:27 Loom
11:03 Feudal Age
12:55 Wheelbarrow
23:28 Castle Age
22:13 Double-Bit Axe
22:11 Horse Collar
22:24 Gold Mining
23:05 Scale Barding Armor
23:55 Bloodlines
27:52 Pikeman
30:54 Heavy Plow
31:22 Crossbowman
36:57 Imperial Age
34:07 Elite Skirmisher
37:32 Hand Cart
37:08 Halberdier
37:16 Cavalier
37:57 Husbandry
40:20 Chain Barding Armor
40:01 Scale Mail Armor
44:42 Conscription
44:58 Hoardings
46:49 Murder Holes
52:35 Light Cavalry
Smoerle
3:47 Loom
11:23 Feudal Age
16:43 Castle Age
17:55 Double-Bit Axe
18:52 Horse Collar
21:36 Town Watch
27:43 Gold Mining
39:13 Imperial Age
37:25 Bow Saw
37:56 Forging
37:36 Arson
38:19 Scale Mail Armor
39:02 Wheelbarrow
38:43 Stone Mining
39:34 Iron Casting
40:24 Heavy Plow
41:06 Gold Shaft Mining
41:32 Chain Mail Armor
43:13 Blast Furnace
Connection lost

Rejoining the realm…

Still unreachable

The connection could not be restored.

Session expired

The server has moved on; the page needs a fresh start.